 Dungeon Crawl Stone Soup version 0.30-a0-830-gfe289a77b0 (webtiles) character file.

Game seed: 1703119298194034341

21 Nacht the Digger (level 2, -1/19 HPs)
             Began as a Demonspawn Earth Elementalist on Feb 28, 2023.
             Slain by a jackal (3 damage)
             ... on level 1 of the Dungeon.
             The game lasted 00:00:51 (280 turns).

Nacht the Digger (Demonspawn Earth Elementalist)     Turns: 280, Time: 00:00:51

Health: -1/19      AC:  2    Str:  8    XL:     2   Next: 65%
Magic:  1/5        EV: 12    Int: 16    God:
Gold:   7          SH:  4    Dex: 13    Spells: 4/5 levels left

rFire   . . .      SeeInvis .    (no weapon)
rCold   . . .      Faith    .    (no shield)
rNeg    . . .      Spirit   .    a - +0 robe
rPois   .          Reflect  .    (no helmet)
rElec   .          Harm     .    (no cloak)
rCorr   .          Rampage  .    (no gloves)
Will    .....                    (no boots)
Stlth   ++                       (no amulet)
HPRegen 0.23/turn                (no ring)
MPRegen 0.09/turn                (no ring)

@: no status effects
A: large bone plates 1
a: no special abilities


You were on level 1 of the Dungeon.
You visited 1 branch of the dungeon, and saw 1 of its levels.

You collected 7 gold pieces.

Inventory:

Armour
 a - a +0 robe (worn)


   Skills:
 - Level 1.7 Dodging
 - Level 1.7 Stealth
 - Level 2.0 Spellcasting
 - Level 0.8 Transmutations
 + Level 3.6 Earth Magic


You had 4 spell levels left.
You knew the following spells:

 Your Spells              Type           Power      Damage    Failure   Level
a - Sandblast             Erth           26%        2d8       4%          1

Your spell library contained the following spells:

 Spells                   Type           Power      Damage    Failure   Level
 Passwall                 Tmut/Erth      6%         N/A       12%         2
 Stone Arrow              Conj/Erth      14%        3d7       30%         3
 Petrify                  Tmut/Erth      8%         N/A       63%         4


Dungeon Overview and Level Annotations

Branches:
Dungeon (1/15)

Altars:


Innate Abilities, Weirdness & Mutations

You are partially covered in large bone plates. (SH +4)


Message History

Press: ? - help, Shift-Dir - straight line, f - rat
Aim: a rat (inner flame, 82% to hit)
The blast of sand hits the rat!
The rat explodes!
Casting: Sandblast (safe; 4% risk of failure)
Confirm with . or Enter, or press ? or * to list all spells.
You can't see any susceptible monsters within range! (Use Z to cast anyway.)
Casting: Sandblast (safe; 4% risk of failure)
Confirm with . or Enter, or press ? or * to list all spells.
Aiming: Sandblast (safe; 4% risk of failure)
Press: ? - help, Shift-Dir - straight line, f - goblin
Aim: a goblin, wielding a +0 club (inner flame, 77% to hit)
The blast of sand hits the goblin!
The goblin explodes!
The jackal's inner flame fades away.
Casting: Sandblast (safe; 4% risk of failure)
Confirm with . or Enter, or press ? or * to list all spells.
You don't have enough magic to cast this spell.
An endoplasm comes into view.
A kobold comes into view. It is wielding a +0 dagger.
The jackal's inner flame fades away.
Really walk into that dispersal trap?
You enter a dispersal trap!
The jackal blinks! x3; The endoplasm blinks!
The kobold blinks!
The jackal blinks!
You blink.
A bat comes into view.
Found a red potion and a ruby potion.
Found a stone staircase leading down.
The jackal attacks as you move away!
The jackal bites you but does no damage.
The bat hits you but does no damage. The jackal attacks as you move away!
The jackal bites you.
* * * LOW HITPOINT WARNING * * *
The bat hits you but does no damage.
Casting: Sandblast (safe; 4% risk of failure)
Confirm with . or Enter, or press ? or * to list all spells.
Aiming: Sandblast (safe; 4% risk of failure)
Press: ? - help, Shift-Dir - straight line, f - bat
Aim: a bat (73% to hit)
Okay, then.
The jackal attacks as you move away! The jackal bites you.
You die...

.........!......##
..................
.................
...............#
.......K...>...♣ #
#.....J....b# #
####..#.###h## #. #. #
#..$......#h###... #.##. #
#....)>.#.@.....♣. ....##
#.†§....##.####.... ###..##
#...§.§.##.## #............
####.##.##..###..#.# ##....
#.##.r.#.#......###.....
##♣#♣#♣#♣##.#................
#.....r...#.####......##.....
#.♣#♣#♣.♣..............#.....
#..###...g...................


You could see 2 jackals and a bat.

Vanquished Creatures
  A dart slug (D:1)
  2 endoplasms (D:1)
  3 giant cockroaches (D:1)
  A goblin (D:1)
  A hobgoblin (D:1)
  6 jackals (D:1)
  A rat (D:1)
15 creatures vanquished.

Notes
Turn   | Place    | Note
-------+----------+-------------------------------------------
     0 | D:1      | Nacht the Demonspawn Earth Elementalist began the quest for
                  | the Orb.
     0 | D:1      | Reached XP level 1. HP: 13/13 MP: 3/3
    31 | D:1      | Reached skill level 3 in Earth Magic
    93 | D:1      | Gained mutation: You are partially covered in large bone
                  | plates. (SH +4) [demonic ancestry]
    93 | D:1      | Reached XP level 2. HP: 19/19 MP: 3/5
   280 | D:1      | Slain by a jackal

Illustrated notes

Levels and vault maps discovered:
D:1:      lightli_arrival_flooded_house, layout_rooms, serial_forest,
          infiniplex_forest_end_2, infiniplex_forest_straight_3,
          infiniplex_forest_corner_2, infiniplex_forest_lined_1,
          infiniplex_forest_lined_2, infiniplex_forest_end_2, minmay_cut_off

Skill      XL: |  1 |
---------------+----+-----
Earth Magic    | 3 |  3.6
Dodging        | |  1.7
Stealth        | |  1.7
Spellcasting   | |  2.0
Transmutations | |  0.8

Action                     || total
---------------------------++-------
  Melee: Unarmed           ||     2
   Cast: Sandblast         ||    24
    Use: Potion            ||     1
         Scroll            ||     1
 Armour: Robe              ||    16
  Dodge: Dodged            ||    41
  Block: Other             ||    16

Table legend: (Time is in decaauts)
 A = Elapsed time spent in this place.
 B = Non-inter-level travel time spent in this place.
 C = Inter-level travel time spent in this place.
 D = Time resting spent in this place.
 E = Time spent auto-exploring this place.
 F = Levels seen in this place.
 G = Mean time per level.
                   A        B        C        D        E       F      G
               +--------+--------+--------+--------+--------+-----+--------+
         Total |    293 |    293 |      0 |      0 |    151 |   1 |  293.0 |
       Dungeon |    293 |    293 |      0 |      0 |    151 |   1 |  293.0 |
               +--------+--------+--------+--------+--------+-----+--------+

Top non-repeatable levels by time:
     D:1: 293 daAuts
